Map: Бюро находок РВ

Players

ИИ 1 (ученик)

  • Race: Zerg Zerg
  • Spawn Location: 7:00

Doll - Winner!

  • Race: Protoss Protoss
  • Spawn Location: 1:00

VOD

Have the link to the VOD?

Description

Time

  • Played on: Dec. 13, 2020, 2:51 p.m.
  • Length: 7:57
Show
View Real Time Build Order
Export as new Build Order

ИИ 1 (ученик) Zerg 

Build Orders: Pool First 

Get SALT Encoding   

  12  0:00  Drone  
  13  0:12  Overlord  
  13  0:16  Drone  
  14  0:30  Drone  
  14  0:35  Drone  
  16  0:42  Spawning Pool  
  16  0:44  Drone  
  16  0:47  Extractor  
  15  0:51  Drone  
  16  0:57  Overlord  
  16  1:30  Queen  
  16  1:31  Zergling x2  
  19  1:33  Roach Warren  
  19  1:35  Extractor  
  19  1:37  Drone  
  18  1:42  Drone  
  18  1:45  Zergling x2  
  20  2:07  Overlord  
  20  2:15  Roach  
  22  2:20  Drone  
  23  2:25  Drone  
  24  2:36  Roach  
  24  2:37  Drone  
  27  2:41  Drone  
  28  2:45  Drone  
  28  2:49  Roach  
  31  2:58  Overlord  
  31  3:09  Drone  
  32  5:28  Lair, Drone  
  32  5:29  Zergling x2, Overlord  
  32  5:33  Drone  
  35  5:37  Drone  
  35  5:41  Zergling x2  
  37  6:11  Zergling x2  
  30  6:23  Zergling x2  
  31  6:26  Overseer x2  
  31  6:30  Spire, Drone  
  31  6:42  Hatchery  
  30  7:14  Zergling x2  
  26  7:24  Overseer  
  26  7:26  Zergling x2  
  26  7:31  Overlord  
  26  7:32  Drone  
  13  7:44  Drone  
Show
View Real Time Build Order
Export as new Build Order

Doll Protoss - Winner!

Build Orders: 1 Gate Expand, Dark Templar Rush 

Get SALT Encoding   

  12  0:00  Probe  
  13  0:12  Probe  
  14  0:19  Pylon  
  14  0:24  Probe  
  15  0:38  Probe (Chrono Boost)  
  15  0:40  Gateway  
  16  0:48  Probe (Chrono Boost)  
  17  0:52  Pylon  
  17  0:53  Probe (Chrono Boost)  
  18  1:00  Assimilator  
  18  1:05  Probe (Chrono Boost)  
  19  1:15  Probe (Chrono Boost)  
  20  1:20  Probe (Chrono Boost)  
  21  1:34  Nexus  
  21  1:41  Zealot  
  21  1:44  Probe  
  24  1:53  Assimilator  
  24  1:56  Probe  
  25  2:04  Cybernetics Core  
  25  2:08  Zealot  
  27  2:17  Probe  
  27  2:20  Pylon  
  28  2:29  Probe  
  29  2:40  Stalker  
  29  2:41  Warp Gate  
  29  2:42  Probe  
  32  2:50  Probe  
  33  2:51  Twilight Council  
  33  2:55  Probe  
  34  3:03  Probe  
  34  3:05  Robotics Facility  
  35  3:09  Probe  
  36  3:13  Stalker  
  36  3:16  Probe  
  39  3:21  Probe  
  40  3:29  Probe  
  41  3:34  Probe  
  41  3:35  Dark Shrine  
  42  3:43  Stalker, Probe  
  42  3:47  Gateway, Probe  
  46  3:56  Probe  
  46  4:00  Probe  
  46  4:01  Pylon  
  48  4:06  Stargate  
  48  4:10  Probe  
  48  4:13  Assimilator  
  48  4:14  Probe  
  48  4:15  Stalker, Assimilator  
  52  4:23  Observer  
  54  4:24  Probe  
  54  4:30  Probe  
  55  4:32  Gateway  
  55  4:33  Pylon  
  55  4:37  Probe  
  56  4:44  Probe  
  57  4:46  Void Ray  
  57  4:47  Stalker  
  57  4:51  Probe  
  57  4:52  Gateway  
  64  4:58  Pylon  
  64  4:59  Probe  
  65  5:03  Dark Templar  
  65  5:05  Probe  
  68  5:09  Pylon  
  68  5:12  Dark Templar  
  70  5:16  Probe  
  71  5:21  Probe  
  71  5:24  Void Ray  
  71  5:26  Forge  
  72  5:32  Zealot  
  72  5:33  Probe  
  79  5:37  Pylon  
  79  5:38  Dark Templar  
  79  5:40  Probe  
  82  5:46  Probe, Forge  
  82  5:49  Stalker  
  85  5:52  Probe  
  85  5:56  Stalker  
  88  5:57  Sentry  
  88  5:58  Probe  
  88  6:02  Pylon  
  91  6:05  Probe  
  91  6:11  Dark Templar  
  94  6:20  Probe  
Tags
 
Add a new tag
Caveats
  • Supply blocks, unpowered buildings, or Contaminate may cause inaccurate times.
  • Supply counts are checked every 10 seconds.